 Dungeon Sprint DCSS version 0.17-a0-2073-gde5cdba (webtiles) character file.

20869 Kidiri the Unseen (level 12, -5/51 HPs)
             Began as a Spriggan Enchanter on Oct 14, 2015.
             Was an Elder of Dithmenos.
             Slain by a spriggan defender
             ... wielding a +0 demon whip of electrocution
              (32 damage)
             ... in the Dungeon (Sprint IV: "Fedhas' Mad Dash").
             The game lasted 00:15:38 (4397 turns).

Kidiri the Unseen (Spriggan Enchanter)              Turns: 4397, Time: 00:15:38

Health: -5/51      AC:  3    Str: 11    XL:     12   Next: 49%
Magic:  7/24       EV: 36    Int: 21    God:    Dithmenos [****..]
Gold:   242        SH:  0    Dex: 20    Spells: 5 memorised, 31 levels left

rFire  . . .     SeeInvis +     p - +1 rapier (elec)
rCold  . . .     Clarity  .     d - +0 robe of Dudexzan {Int+3}
rNeg   . . .     SustAt   .     (shield restricted)
rPois  .         Gourm    .     (helmet restricted)
rElec  .         Spirit   .     q - +0 cloak
rCorr  .         Warding  .     (gloves unavailable)
rMut   .         NoTele   +     (boots unavailable)
MR     ++...                    n - amulet of Bycunask {Regen+ MP-9 Str+7}
Stlth  ++++++++++               (no ring)
                                k - ring of invisibility

@: wreathed by umbra, very quick, very resistant to hostile enchantments,
uncannily stealthy
A: unfitting armour, see invisible, herbivore 3, speed 3, slow metabolism 2
a: Shadow Step, Renounce Religion, Evoke Invisibility


You were in the Dungeon.
You worshipped Dithmenos.
Dithmenos was greatly pleased with you.
You were not hungry.

You visited 1 branch You collected 485 gold pieces.
You spent 243 gold pieces at shops.

Inventory:

Hand Weapons
 p - a +1 rapier of electrocution (weapon)
Missiles
 r - a throwing net (quivered)
Armour
 b - a +1 robe
 d - the +0 robe of Dudexzan (worn) {Int+3}
   (You bought it in a shop in the Dungeon)

   It affects your intelligence (+3).
 q - a +0 cloak (worn)
Jewellery
 k - a ring of invisibility (left hand)
 n - the amulet of Bycunask (around neck) {Regen+ MP-9 Str+7}
   (You found it in the Dungeon)

   [amulet of regeneration]

   It affects your strength (+7).
   It affects your magic capacity (-9).
   It increases your rate of regeneration.
Scrolls
 a - a scroll of remove curse {unknown}
 j - a scroll of blinking
 l - a scroll of fear {unknown}
 o - a scroll of identify {unknown}
Potions
 g - a potion of haste
 h - 2 potions of magic
Books
 c - a book of Maledictions

   Spells                             Type                      Level
   a - Corona                         Hexes                        1
   b - Ensorcelled Hibernation        Hexes/Ice                    2
   c - Confuse                        Hexes                        3
   d - Tukima's Dance                 Hexes                        3
   e - Dazzling Spray                 Conjuration/Hexes            3
Comestibles
 m - 7 royal jellies


   Skills:
 * Level 14.9 Short Blades
 * Level 18.8 Dodging
 * Level 20.3 Stealth
 * Level 16.3 Spellcasting
 + Level 7.5 Conjurations
 + Level 12.4 Hexes
 + Level 8.5 Ice Magic
 - Level 2.5 Invocations


You had 31 spell levels left.
You knew the following spells:

 Your Spells              Type           Power        Failure   Level  Hunger
a - Corona                Hex            ######.      1%          1    None
b - Ensorcelled Hibernat  Hex/Ice        ######       1%          2    None
c - Confuse               Hex            ######..     1%          3    None
d - Tukima's Dance        Hex            ######..     1%          3    None
e - Dazzling Spray        Conj/Hex       ######..     1%          3    None


Dungeon Overview and Level Annotations

Branches:
Dungeon (1/1)

Altars:
Cheibriados
Dithmenos
Elyvilon
Gozag
Kikubaaqudgha
Makhleb
Nemelex Xobeh
Okawaru
Qazlal
Ru
Sif Muna
Trog
Vehumet
Xom
Yredelemnul
Zin
The Shining One
Beogh
Jiyva
Lugonu

Shops:
D *:}}}[[**[=:%*(?!:[[(


Innate Abilities, Weirdness & Mutations

You are tiny and cannot use many weapons and most armour.
You have supernaturally acute eyesight.
You are a herbivore.
You cover ground extremely quickly.
You need consume almost no food.


Message History

Press: ? - help, Shift-Dir - straight line, f/p - spriggan defender
Aim: a spriggan defender, wielding a demon whip of electrocution, wearing a robe and wearing a buckler (umbra)
The spray of energy misses the spriggan defender.
Your shadow mimicks your spell!
The shadow shard misses the spriggan defender.
The spriggan defender hits you with a demon whip of electrocution!!
You emit a cloud of dark smoke.
The spriggan defender hits you with a demon whip of electrocution.
You are electrocuted!
* * * LOW HITPOINT WARNING * * *
Drink which item? (? for menu, Esc to quit)
You feel better. The spriggan defender misses you.
You open the door.
The spriggan defender completely misses you.
There is an open door here.
Your magical contamination has completely faded away.
You open the door.
The spriggan defender hits you with a demon whip of electrocution!!
Ouch! That really hurt!
You die...

....)...........♣.)...∩.∩..)[#
.........#####################
########## ####### ####### #
###..#####...∩∩###....|### #
#.)..+........(##...P..+=# #
#....#####.....+).....)###
##....# ##################
##.....#####∩∩∩#............#####
.......+....∩.∩'@i..........§§§§§
.......#####∩∩∩#............#####
######## ######################
.♣..♣i.♣..♣.. ...i.........
.♣..♣..♣..♣.. #########


You could see a spriggan defender.

Vanquished Creatures
  Agnes (D)
  A ghost moth (D)
  2 spriggan defenders (D)
  3 spriggan berserkers (D)
  A spriggan druid (D)
  23 oklob plants (D)
  3 demonic crawlers (D)
  3 burning bushes (D)
  A queen bee (D)
  3 wandering mushrooms (D)
  6 wasps (D)
  2 scorpions (D)
  4 killer bees (D)
  2 worker ants (D)
  5 oklob saplings (D)
  8 spriggans (D)
  A river rat (D)
  A rat (D)
  3 ballistomycetes (D)
  4 bushes (D)
  12 fungi (D)
  2 giant spores (D)
91 creatures vanquished.

Notes
Turn   | Place    | Note
--------------------------------------------------------------
     0 | D        | Kidiri the Spriggan Enchanter began the quest for the Orb.
     0 | D        | Reached XP level 1. HP: 9/9 MP: 5/5
   180 | D        | Reached skill level 5 in Stealth
   180 | D        | Reached XP level 2. HP: 13/13 MP: 5/7
   184 | D        | Learned a level 2 spell: Ensorcelled Hibernation
   268 | D        | Noticed an oklob sapling
   269 | D        | Killed an oklob sapling
   269 | D        | Reached skill level 5 in Dodging
   269 | D        | Reached skill level 6 in Stealth
   269 | D        | Reached XP level 3. HP: 16/16 MP: 7/9
   389 | D        | Noticed a worker ant
   391 | D        | Killed a worker ant
   391 | D        | Reached skill level 1 in Ice Magic
   417 | D        | Learned a level 3 spell: Confuse
   421 | D        | Learned a level 3 spell: Tukima's Dance
   426 | D        | Found a snail-covered altar of Cheibriados.
   426 | D        | Found a glowing silver altar of Zin.
   426 | D        | Found a white marble altar of Elyvilon.
   426 | D        | Found a viscous altar of Jiyva.
   426 | D        | Found a radiant altar of Vehumet.
   426 | D        | Found a deep blue altar of Sif Muna.
   426 | D        | Found an ancient bone altar of Kikubaaqudgha.
   426 | D        | Found a bloodstained altar of Trog.
   426 | D        | Found a corrupted altar of Lugonu.
   426 | D        | Noticed an oklob sapling priest
   427 | D        | Found a burning altar of Makhleb.
   427 | D        | Found a sacrificial altar of Ru.
   428 | D        | Found a glowing golden altar of the Shining One.
   428 | D        | Found a sparkling altar of Nemelex Xobeh.
   429 | D        | Found a shadowy altar of Dithmenos.
   430 | D        | Found an iron altar of Okawaru.
   430 | D        | Found a shimmering altar of Xom.
   431 | D        | Found an opulent altar of Gozag.
   432 | D        | Found a basalt altar of Yredelemnul.
   432 | D        | Found a roughly hewn altar of Beogh.
   433 | D        | Found a stormy altar of Qazlal.
   438 | D        | Became a worshipper of Dithmenos the Shadowed
   441 | D        | Killed an oklob sapling priest
   441 | D        | Reached skill level 7 in Stealth
   441 | D        | Reached skill level 5 in Spellcasting
   441 | D        | Reached skill level 1 in Invocations
   441 | D        | Reached XP level 4. HP: 21/21 MP: 9/12
   453 | D        | Learned a level 3 spell: Dazzling Spray
   571 | D        | Noticed an oklob sapling wizard
   574 | D        | Killed an oklob sapling wizard
   574 | D        | Reached skill level 5 in Short Blades
   574 | D        | Reached skill level 8 in Stealth
   574 | D        | Reached skill level 5 in Hexes
   574 | D        | Reached XP level 5. HP: 24/24 MP: 10/14
   671 | D        | Noticed an oklob sapling
   674 | D        | Killed an oklob sapling
   688 | D        | Noticed a killer bee
   688 | D        | Noticed a killer bee
   688 | D        | Noticed a queen bee
   689 | D        | Noticed a killer bee
   689 | D        | Noticed a killer bee
   703 | D        | Killed a killer bee
   703 | D        | Reached skill level 1 in Conjurations
   705 | D        | Killed a killer bee
   705 | D        | Reached skill level 9 in Stealth
   912 | D        | Killed a killer bee
   912 | D        | Reached * piety under Dithmenos
   912 | D        | Reached XP level 6. HP: 28/28 MP: 17/17
   922 | D        | Killed a killer bee
   928 | D        | Killed a queen bee
   928 | D        | Reached skill level 10 in Dodging
   928 | D        | Reached skill level 10 in Stealth
   928 | D        | Reached XP level 7. HP: 32/32 MP: 12/19
   980 | D        | Noticed an oklob plant
   982 | D        | Killed an oklob plant
   982 | D        | Reached skill level 11 in Dodging
   982 | D        | Reached skill level 12 in Stealth
  1124 | D        | Noticed a scorpion
  1131 | D        | Killed a scorpion
  1131 | D        | Reached XP level 8. HP: 36/36 MP: 16/22
  1133 | D        | Reached ** piety under Dithmenos
  1150 | D        | Found Weidotiw's Antique Weapon Shop.
  1150 | D        | Found Lunum Vosyi's Assorted Antiques.
  1226 | D        | Noticed a burning bush
  1226 | D        | Noticed a wandering mushroom
  1227 | D        | Noticed a scorpion
  1227 | D        | Noticed a wandering mushroom
  1230 | D        | Killed a burning bush
  1231 | D        | Killed a wandering mushroom
  1231 | D        | Reached skill level 13 in Stealth
  1231 | D        | Reached skill level 10 in Spellcasting
  1232 | D        | Killed a wandering mushroom
  1234 | D        | Killed a scorpion
  1242 | D        | Found Zoseonih's Book Shoppe.
  1243 | D        | Found Xagieh's Armour Emporium.
  1403 | D        | Noticed a burning bush
  1418 | D        | Killed a burning bush
  1418 | D        | Reached *** piety under Dithmenos
  1418 | D        | Reached XP level 9. HP: 39/39 MP: 8/24
  1510 | D        | Noticed an oklob sapling
  1510 | D        | Noticed a burning bush
  1510 | D        | Noticed an oklob plant
  1511 | D        | Noticed a wandering mushroom
  1512 | D        | Killed a burning bush
  1512 | D        | Reached skill level 5 in Ice Magic
  1516 | D        | Killed an oklob plant
  1516 | D        | Reached skill level 10 in Short Blades
  1516 | D        | Reached skill level 14 in Stealth
  1517 | D        | Killed a wandering mushroom
  1519 | D        | Killed an oklob sapling
  1653 | D        | Noticed a spriggan druid
  1654 | D        | Killed a spriggan druid
  1739 | D        | Noticed an oklob plant conjurer
  1740 | D        | Killed an oklob plant conjurer
  1740 | D        | Reached skill level 15 in Stealth
  1951 | D        | Noticed an oklob plant
  1951 | D        | Noticed an oklob plant summoner
  1952 | D        | Noticed an oklob plant shifter
  1960 | D        | Killed an oklob plant
  1960 | D        | Reached XP level 10. HP: 44/44 MP: 17/27
  1962 | D        | Killed an oklob plant summoner
  1962 | D        | Reached skill level 5 in Conjurations
  1965 | D        | Killed an oklob plant shifter
  2094 | D        | Noticed a demonic crawler
  2096 | D        | Killed a demonic crawler
  2098 | D        | Noticed a spriggan rider
  2098 | D        | Noticed a spriggan
  2098 | D        | Noticed a spriggan
  2099 | D        | Found Pikijoh's Antique Armour Emporium.
  2101 | D        | Killed a spriggan
  2103 | D        | Found Macruq's Antique Weapon Shoppe.
  2104 | D        | Killed a spriggan
  2106 | D        | Killed a spriggan rider
  2106 | D        | Killed a wasp
  2106 | D        | Reached skill level 16 in Stealth
  2106 | D        | Reached skill level 15 in Dodging
  2139 | D        | Got a faintly glowing diamond amulet
  2140 | D        | Identified the amulet of Bycunask {Regen+ MP-9 Str+7} (You found it in the Dungeon)
  2149 | D        | Bought a cloak for 112 gold pieces
  2295 | D        | Noticed Agnes
  2297 | D        | Found Lojetz's Magic Scroll Emporium.
  2297 | D        | Noticed a spriggan berserker
  2299 | D        | Found Goithrum's Distillery.
  2301 | D        | Killed Agnes
  2301 | D        | Reached skill level 10 in Hexes
  2307 | D        | Killed a spriggan berserker
  2307 | D        | Reached **** piety under Dithmenos
  2307 | D        | Reached skill level 17 in Stealth
  2307 | D        | Reached XP level 11. HP: 47/47 MP: 17/29
  2315 | D        | Noticed a spriggan defender
  2323 | D        | Killed a spriggan defender
  2409 | D        | Noticed a spriggan rider
  2413 | D        | Noticed a spriggan
  2414 | D        | Killed a spriggan rider
  2414 | D        | Killed a wasp
  2421 | D        | Killed a spriggan
  2581 | D        | Noticed a wasp
  2581 | D        | Noticed a demonic crawler
  2581 | D        | Noticed a ghost moth
  2590 | D        | Found Ebawy's Gadget Emporium.
  2590 | D        | Found Offaw's Book Boutique.
  2590 | D        | Found Cewoomoi's General Store.
  2594 | D        | Killed a wasp
  2595 | D        | Killed a demonic crawler
  2598 | D        | Killed a ghost moth
  2598 | D        | Reached skill level 18 in Stealth
  2768 | D        | Noticed an oklob plant shifter
  2768 | D        | Noticed an oklob plant meteorologist
  2770 | D        | Killed an oklob plant meteorologist
  2778 | D        | Killed an oklob plant shifter
  2891 | D        | Noticed a demonic crawler
  2891 | D        | Noticed a wasp
  2892 | D        | Noticed a spriggan rider
  2892 | D        | Noticed a wasp
  2893 | D        | Killed a spriggan rider
  2893 | D        | Killed a wasp
  2894 | D        | Killed a demonic crawler
  2895 | D        | Killed a wasp
  2898 | D        | Killed a wasp
  3032 | D        | Found Vivix's Gadget Shoppe.
  3032 | D        | Found Ebilec's Armour Boutique.
  3032 | D        | Found Deecsiesh's Gadget Shop.
  3032 | D        | Found Jejask's Assorted Antiques.
  3032 | D        | Found Guargh's Armour Shoppe.
  3033 | D        | Found Umoone's Antique Armour Emporium.
  3033 | D        | Found Naschasu's Jewellery Shop.
  3033 | D        | Found Beneeh's Assorted Antiques.
  3046 | D        | Bought a transparent robe for 131 gold pieces
  3056 | D        | Identified the +0 robe of Dudexzan {Int+3} (You bought it in a shop in the Dungeon)
  3180 | D        | Noticed an oklob plant
  3180 | D        | Noticed an oklob plant
  3180 | D        | Noticed an oklob plant
  3180 | D        | Noticed an oklob plant
  3180 | D        | Noticed an oklob plant
  3180 | D        | Noticed an oklob plant
  3181 | D        | Noticed an oklob plant
  3182 | D        | Killed an oklob plant
  3183 | D        | Noticed an oklob plant
  3184 | D        | Killed an oklob plant
  3184 | D        | Reached skill level 15 in Spellcasting
  3185 | D        | Noticed an oklob plant
  3186 | D        | Killed an oklob plant
  3187 | D        | Noticed an oklob plant
  3188 | D        | Killed an oklob plant
  3188 | D        | Reached skill level 19 in Stealth
  3189 | D        | Noticed an oklob plant
  3190 | D        | Killed an oklob plant
  3191 | D        | Noticed an oklob plant
  3192 | D        | Killed an oklob plant
  3192 | D        | Reached XP level 12. HP: 51/51 MP: 20/32
  3194 | D        | Killed an oklob plant
  3196 | D        | Killed an oklob plant
  3198 | D        | Killed an oklob plant
  3200 | D        | Killed an oklob plant
  3202 | D        | Killed an oklob plant
  3204 | D        | Killed an oklob plant
  3315 | D        | Noticed an oklob plant summoner
  3316 | D        | Found Teucs's Book Emporium.
  3317 | D        | Found Neges's Food Shop.
  3319 | D        | Killed an oklob plant summoner
  3546 | D        | Noticed an oklob plant demonologist
  3546 | D        | Noticed an oklob plant annihilator
  3547 | D        | Noticed a spriggan berserker
  3562 | D        | Killed a spriggan berserker
  3693 | D        | Killed an oklob plant demonologist
  3695 | D        | Killed an oklob plant annihilator
  3695 | D        | Reached skill level 20 in Stealth
  3808 | D        | Noticed a worker ant
  3810 | D        | Killed a worker ant
  3933 | D        | Noticed a spriggan defender
  3933 | D        | Noticed a spriggan defender
  3937 | D        | Noticed a spriggan druid
  4185 | D        | Killed a spriggan defender
  4351 | D        | Noticed a spriggan berserker
  4359 | D        | Killed a spriggan berserker
  4369 | D        | Noticed a spriggan berserker
  4397 | D        | Slain by a spriggan defender

Vault maps used:
D:        dungeon_sprint_fedhas

Action                   |  1- 3 |  4- 6 |  7- 9 | 10-12 || total
-------------------------+-------+-------+-------+-------++-------
Melee: Dagger            |   167 |     9 |     6 |       ||   182
       Rapier            |       |       |    19 |   173 ||   192
Throw: Throwing net      |       |       |     1 |     1 ||     2
 Cast: Ensorcelled Hiber |     1 |     7 |       |     1 ||     9
       Dazzling Spray    |       |       |     4 |     6 ||    10
       Confuse           |       |       |     4 |     1 ||     5
       Tukima's Dance    |       |       |       |     4 ||     4
Invok: Shadow Step       |       |       |     3 |    10 ||    13
 Abil: Evoke Invisibilit |     1 |     2 |     8 |    13 ||    24
  Use: Potion            |       |       |       |     3 ||     3
       Scroll            |       |       |       |     1 ||     1
 Stab: Sleeping          |     5 |     7 |    12 |    34 ||    58
       Invisible         |       |       |     2 |     3 ||     5
       Confused          |       |       |     1 |       ||     1
       Distracted        |       |       |       |     1 ||     1
  Eat: Bread ration      |       |       |     1 |     1 ||     2
       Royal jelly       |       |       |       |     2 ||     2
